 Dungeon Crawl Stone Soup version 0.16-a0-3728-gc6b4a4b (webtiles) character file.

3808 MrRokkomies the Basher (level 10, 0/64 HPs)
             Began as a Gargoyle Fighter on Jan 22, 2015.
             Was a Follower of Ashenzari.
             Slain by a skeletal warrior
             ... wielding a +0 trident
              (15 damage)
             ... on level 9 of the Dungeon.
             The game lasted 00:34:27 (9784 turns).

MrRokkomies the Basher (Gargoyle Fighter)           Turns: 9784, Time: 00:34:27

Health: 0/64       AC: 19    Str: 20    XL:     10   Next: 17%
Magic:  10/10      EV:  9    Int: 12    God:    Ashenzari [*.....]
Gold:   339        SH: 12    Dex: 14    Spells: 1 memorised, 6 levels left

rFire  . . .     SeeInvis .     a - +0 flail (drain)
rCold  . . .     Clarity  +     M - +0 plate armour (curse)
rNeg   + . .     SustAb   .     c - +1 shield (curse)
rPois  ∞         Gourm    .     (no helmet)
rElec  +         Spirit   .     (no cloak)
rCorr  .         Warding  .     u - +0 pair of gloves
rMut   .         Stasis   .     (no boots)
MR     +....                    e - amulet of clarity (curse)
Stlth  ..........               y - ring of protection from magic (curse)
                                j - ring of flight

@: agile, very slightly contaminated, hasted, very quick, somewhat resistant to
hostile enchantments, extremely unstealthy
A: negative energy resistance 1, electricity resistance, unbreathing,
petrification resistance, rot immunity, AC +7
a: Renounce Religion, Evoke Flight


You were on level 9 of the Dungeon.
You worshipped Ashenzari.
Ashenzari was aware of your devotion.
You were hungry.

You visited 2 branches of the dungeon, and saw 10 of its levels.

You collected 339 gold pieces.

Inventory:

Hand weapons
 a - a +0 flail of draining (weapon)
 b - a +1 blowgun
Missiles
 h - 16 stones
 i - 2 throwing nets
 A - 6 tomahawks of returning (quivered)
 F - 14 tomahawks
 K - 8 curare-tipped needles
 L - 15 poisoned needles
Armour
 c - a cursed +1 shield (worn)
 u - a +0 pair of gloves (worn)
 M - a cursed +0 plate armour (worn)
Jewellery
 e - a cursed amulet of clarity (around neck)
 j - a ring of flight (left hand)
 x - an uncursed ring of fire
 y - a cursed ring of protection from magic (right hand)
Magical devices
 g - a wand of teleportation (0)
 C - a wand of slowing (23)
 H - a wand of flame (24)
 I - a wand of polymorph (11)
Scrolls
 p - a scroll of amnesia
 v - a scroll of remove curse
 w - 2 scrolls of fog
 B - a scroll of vulnerability
 D - a scroll of magic mapping
Potions
 k - a potion of brilliance
 o - 2 potions of curing
 q - a potion of haste
Books
 l - a book of Flames

   Spells                             Type                      Level
   a - Flame Tongue                   Conjuration/Fire             1
   b - Throw Flame                    Conjuration/Fire             2
   c - Conjure Flame                  Conjuration/Fire             3
   d - Inner Flame                    Hexes/Fire                   3
   e - Sticky Flame                   Conjuration/Fire             4
   f - Fireball                       Conjuration/Fire             5
 E - a Young Poisoner's Handbook

   Spells                             Type                      Level
   a - Sting                          Conjuration/Poison           1
   b - Cure Poison                    Poison                       2
   c - Mephitic Cloud                 Conjuration/Poison/Air       3
   d - Olgreb's Toxic Radiance        Poison                       4
   e - Venom Bolt                     Conjuration/Poison           5
Comestibles
 d - 12 bread rations
 f - 7 meat rations
 t - 5 fruits
 z - 2 slices of pizza
 G - 6 beef jerkies


   Skills:
 * Level 8.2 Fighting
 * Level 10.2 Maces & Flails
 - Level 3.2 Armour
 - Level 9.1 Shields


You had 6 spell levels left.
You knew the following spells:

 Your Spells              Type           Power        Failure   Level  Hunger
a - Mephitic Cloud        Conj/Pois/Air  #.......     100%        3    ####...


Dungeon Overview and Level Annotations

Branches:
Dungeon (9/15)             Temple (1/1) D:7            Lair (0/8) D:9
    Orc: D:9-12

Altars:
Ashenzari
Cheibriados
Dithmenos
Elyvilon
Fedhas
Gozag
Kikubaaqudgha
Makhleb
Nemelex Xobeh
Okawaru
Qazlal
Ru
Sif Muna
Trog
Vehumet
Xom
Yredelemnul
Zin
The Shining One

Shops:
D:9 (


Innate Abilities, Weirdness & Mutations

You are resistant to torment.
You are immune to poison.
Your stone body is very resilient (AC +7).
You resist negative energy.
You are resistant to electric shocks.
You can survive without breathing.
You are immune to petrification.
You are immune to rotting.


Message History

You are too injured to fight recklessly!
You hit the skeletal warrior but do no damage.
The skeletal warrior is almost destroyed.
Drink which item? (? for menu, Esc to quit)
You feel better.
You block the skeletal warrior's attack.
You sock the skeletal warrior!
The skeletal warrior is almost destroyed.
You hit the skeletal warrior.
The skeletal warrior is almost destroyed.
The skeletal warrior hits you but does no damage.
You closely miss the skeletal warrior.
The skeletal warrior is almost destroyed.
You block the skeletal warrior's attack.
Your shield and plate armour prevent you from hitting the skeletal warrior.
The skeletal warrior is almost destroyed.
You hit the skeletal warrior but do no damage.
The skeletal warrior is almost destroyed.
The skeletal warrior hits you with a trident!
You die...

######..#
#......# #..#
#####..####
#).#####
#......
#......#
#......
#.####[#
#...... ####
#)# #.# #......
#..# #.# #.#
#...... #..#
#.# #)# #......
#..# #@# #.#
#...... #..#
#z# #.# #.....#
#..# #Y# #.#
#..[.#.
#..###.####.###
#......
#.............#
###...#
#......####...#
#.#.. #.≈≈≈..#
#...# #.#..
#≈≈≈≈≈.# #...#
#.#.. #≈≈∩...#
#...# ##...#


You could see a skeletal warrior and a sky beast.

Vanquished Creatures
  Joseph (D:9)
  A troll (D:9)
  A hungry ghost (D:9)
  3 orc warriors
  2 phantoms
  A sky beast (D:9)
  A black bear (D:9)
  2 centaurs
  8 ogres
  A gnoll sergeant (D:8)
  3 giant frogs
  A water moccasin skeleton (D:6)
  A scorpion (D:6)
  2 goliath beetles (D:6)
  2 wasp zombies (D:9)
  3 giant frog zombies
  5 orc priests
  2 crimson imps
  2 jellies
  2 centaur zombies
  3 hounds
  A human skeleton (D:7)
  A worker ant (D:6)
  A killer bee zombie (D:7)
  3 orc wizards
  Ijyb (D:6)
  Jessica (D:3)
  A hound zombie (D:7)
  A mummy (D:6)
  A hound skeleton (D:9)
  A worker ant zombie (D:7)
  10 gnolls
  13 adders
  2 shadow imps
  2 worms
  An adder skeleton (D:4)
  7 giant geckos
  4 oozes
  30 orcs
  A bat skeleton (D:4)
  A bat zombie (D:6)
  2 giant cockroaches
  19 goblins
  12 hobgoblins
  11 jackals
  10 kobolds
  4 ball pythons
  A ball python skeleton (D:3)
  15 bats
  A giant cockroach zombie (D:6)
  3 giant newts (D:1)
  A jackal zombie (D:7)
  7 quokkas
  A quokka zombie (D:7)
  11 rats
228 creatures vanquished.

Vanquished Creatures (others)
  2 fungi (D:9)
2 creatures vanquished.

Grand Total: 230 creatures vanquished

Notes
Turn   | Place    | Note
--------------------------------------------------------------
     0 | D:1      | MrRokkomies, the Gargoyle Fighter, began the quest for the Orb.
     0 | D:1      | Reached XP level 1. HP: 14/14 MP: 1/1
    59 | D:1      | Reached XP level 2. HP: 16/19 MP: 2/2
   273 | D:1      | Reached skill level 4 in Shields
   552 | D:1      | Reached XP level 3. HP: 20/23 MP: 3/3
  1496 | D:3      | Reached XP level 4. HP: 25/28 MP: 4/4
  1785 | D:3      | Noticed Jessica
  1796 | D:3      | Killed Jessica
  1861 | D:3      | Reached skill level 5 in Shields
  2090 | D:3      | Found a basalt altar of Yredelemnul.
  2105 | D:3      | Reached XP level 5. HP: 32/32 MP: 5/5
  2781 | D:4      | Noticed an ogre
  2806 | D:4      | Killed an ogre
  2806 | D:4      | Reached XP level 6. HP: 17/37 MP: 6/6
  3246 | D:4      | Noticed a phantom
  3300 | D:4      | Killed a phantom
  3300 | D:4      | Reached skill level 6 in Shields
  3616 | D:4      | Reached skill level 5 in Maces & Flails
  3833 | D:5      | Entered Level 5 of the Dungeon
  3922 | D:5      | Reached XP level 7. HP: 41/41 MP: 7/7
  4408 | D:5      | Found a sacrificial altar of Ru.
  4628 | D:6      | Noticed Ijyb
  4670 | D:6      | Killed Ijyb
  4725 | D:6      | Reached skill level 7 in Shields
  5092 | D:6      | Reached XP level 8. HP: 46/46 MP: 8/8
  5409 | D:6      | Reached skill level 8 in Shields
  5832 | D:7      | Found a staircase to the Ecumenical Temple.
  5838 | Temple   | Entered the Ecumenical Temple
  5877 | Temple   | Became a worshipper of Ashenzari the Shackled
  6017 | D:7      | Reached skill level 9 in Shields
  6286 | D:7      | Learned a level 3 spell: Mephitic Cloud
  6607 | D:7      | Reached XP level 9. HP: 41/52 MP: 9/9
  7137 | D:8      | Reached skill level 5 in Fighting
  7181 | D:8      | Found a bloodstained altar of Trog.
  8774 | D:9      | Noticed a skeletal warrior
  8777 | D:9      | Noticed Joseph
  8782 | D:9      | Found Wefomank's Weapon Shop.
  9212 | D:9      | Killed Joseph
  9212 | D:9      | Reached skill level 10 in Maces & Flails
  9212 | D:9      | Reached XP level 10. HP: 36/64 MP: 10/10
  9605 | D:9      | Found a staircase to the Lair.
  9784 | D:9      | Slain by a skeletal warrior

Action                   |  1- 3 |  4- 6 |  7- 9 | 10-12 || total
-------------------------+-------+-------+-------+-------++-------
Melee: Flail             |   169 |   224 |   618 |    95 ||  1106
 Fire: Blowgun           |       |     3 |    54 |    23 ||    80
Throw: Stone             |       |     4 |       |     4 ||     8
       Tomahawk          |       |     1 |    12 |       ||    13
Evoke: Wand              |       |       |     3 |       ||     3
  Use: Scroll            |     6 |     4 |    16 |       ||    26
       Potion            |       |     1 |     4 |     5 ||    10
  Eat: Chunk             |     2 |     5 |    19 |     3 ||    29
       Beef jerky        |       |     1 |       |       ||     1
